 Dungeon Crawl Stone Soup version 0.27-a0-1154-gfdeffcb720 (webtiles) character file.

Game seed: 15321785223914696787

35 bilbop the Magician (level 3, -3/26 HPs)
             Began as a Djinni Venom Mage on May 15, 2021.
             Killed from afar by a white imp (12 damage)
             ... with a puff of frost
             ... on level 2 of the Dungeon.
             The game lasted 00:08:41 (1914 turns).

bilbop the Magician (Djinni Venom Mage)             Turns: 1914, Time: 00:08:42

Health: -3/26      AC:  2    Str:  7    XL:     3   Next: 52%
Gold:   55         EV: 12    Int: 16    God:
                   SH:  0    Dex: 14

rFire    + + .     SeeInvis .   b - +0 dagger
rCold    x . .     Faith    .   (no shield)
rNeg     . . .     Spirit   .   c - +0 robe
rPois    ∞         Reflect  .   (no helmet)
rElec    .         Harm     .   (no cloak)
rCorr    .         Rampage  .   (no gloves)
Will     .....                  (boots unavailable)
Stlth    ++........             (no amulet)
HPRegen  0.08/turn              (no ring)
MPRegen  0.00/turn              (no ring)

@: flying
A: sickness immunity, fire resistance 2, cold vulnerability 1, float, innate
caster, hp casting, extra vitality 1
a: no special abilities


You were on level 2 of the Dungeon.
You visited 1 branch of the dungeon, and saw 2 of its levels.

You collected 55 gold pieces.

Inventory:

Hand Weapons
 a - a +0 short sword
 b - a +0 dagger (weapon)
 f - a +2 hunting sling of flaming
Armour
 c - a +0 robe (worn)
Scrolls
 e - a scroll of torment {unknown}
 h - a scroll of noise {unknown}
Potions
 d - a potion of heal wounds {unknown}
 g - 3 potions of haste {unknown}
 i - 2 potions of lignification {unknown}
 j - 2 potions of cancellation {unknown}


   Skills:
 + Level 0.5 Fighting
 + Level 0.5 Short Blades
 - Level 2.1 Dodging
 + Level 1.8 Stealth
 + Level 0.8 Shields
 * Level 2.8 Spellcasting
 + Level 0.8 Invocations


You couldn't memorise any spells.
You knew the following spells:

 Your Spells              Type           Power      Damage    Failure   Level
a - Sting                 Tmut/Pois      44%        1d5       6%          1
b - Poisonous Vapours     Pois/Air       22%        N/A       9%          2
c - Mephitic Cloud        Conj/Pois/Air  11%        N/A       19%         3
d - Ignite Poison         Fire/Tmut/Pois 11%        N/A       19%         3
e - Olgreb's Toxic Radia  Pois           11%        N/A       52%         4
f - Beastly Appendage     Tmut           22%        N/A       6%          1
Your spell library was empty.

Dungeon Overview and Level Annotations

Branches:
Dungeon (2/15)

Altars:


Innate Abilities, Weirdness & Mutations

You are immune to sickness and miasma.
You are immune to poison.
Your flesh is very heat resistant. (rF++)
You are vulnerable to cold. (rC-)
You float through the air rather than walking.
You learn spells naturally, not from books.
Your magical power is your life essence.
You have superior vitality. (+4 HP)


Message History

Confirm with . or Enter, or press ? or * to list all spells.
Aiming: Poisonous Vapours (safe; 9% risk of failure)
Press: ? - help, Dir - move target, f/p - worm
Aim: a worm (severely wounded, poisoned) Poisonous vapours surround the worm!
The worm is engulfed in poison gas.
The worm looks even sicker.
You kill the worm!
j - a fizzy coppery potion
g - 3 brown potions (gained 1)
j - 2 fizzy coppery potions (gained 1)
A kobold comes into view. It is wielding a +0 short sword.
A white imp comes into view.
Found a blackened ivory ring and a scroll labelled GARUDY ANEODI.
The white imp shouts!
The kobold shouts!
The white imp summons a swarm of flies.
The kobold hits you with a +0 short sword.
You hit the kobold.
The kobold is moderately wounded.
The kobold closely misses you.
You hit the kobold but do no damage.
The kobold is moderately wounded.
The kobold closely misses you.
You hit the kobold but do no damage.
The kobold is moderately wounded.
The kobold closely misses you.
The kobold hits you with a +0 short sword.
The white imp hits you but does no damage.
The white imp gestures at you. The puff of frost hits you!
You feel a terrible chill!
You are too injured to fight recklessly!
Casting: Poisonous Vapours (safe; 9% risk of failure)
Confirm with . or Enter, or press ? or * to list all spells.
Aiming: Sting (safe; 6% risk of failure)
Press: ? - help, Shift-Dir - straight line, f - kobold
Aim: a kobold, wielding a +0 short sword (64% to hit)
The sting hits the kobold.
The kobold is poisoned.
You kill the kobold!
The white imp gestures at you. The puff of frost hits you!
You feel a terrible chill!
You die...

. #..... .# #...≈≈ . #..≈≈.
. ##...≈≈ ##############
........≈≈. .............
.......≈≈.. ..........
#####......
#####....###################
.........5)@................
#####....###################
#....# #....# #..=.# #?...#
#....# ######


You could see a white imp.

Vanquished Creatures
  A worm (D:2)
  3 bats (D:1)
  An endoplasm (D:1)
  A giant cockroach (D:1)
  5 goblins
  2 quokkas (D:1)
  4 ball pythons
  12 frilled lizards (D:1)
  4 kobolds
  3 rats (D:1)
36 creatures vanquished.

Vanquished Creatures (others)
  6 plants (D:1)
6 creatures vanquished.

Grand Total: 42 creatures vanquished

Notes
Turn   | Place    | Note
-------+----------+-------------------------------------------
     0 | D:1      | bilbop the Djinni Venom Mage began the quest for the Orb.
     0 | D:1      | Reached XP level 1. HP: 15/15 MP: 0/0
   187 | D:1      | Reached XP level 2. HP: 21/21 MP: 0/0
   852 | D:1      | Reached XP level 3. HP: 23/26 MP: 0/0
   852 | D:1      | Learned a level 1 spell: Beastly Appendage
  1595 | D:2      | Found a faded altar of an unknown god.
  1914 | D:2      | Killed from afar by a white imp

Illustrated notes

Levels and vault maps discovered:
D:1:      dpeg_arrival_short_road, layout_basic, grunt_decor_mini_mirrors,
          minmay_lizard_king
D:2:      layout_basic, basic_altar, hellmonk_ecumenical_altar_run_dry,
          dk_vineyard_3

Action                   || total
-------------------------++-------
Melee: Short sword       ||    20
       Dagger            ||    19
 Cast: Sting             ||    43
       Poisonous Vapours ||     3
 Stab: Sleeping          ||     3
Armor: Robe              ||     9
Dodge: Dodged            ||    43

Table legend: (Time is in decaauts)
 A = Elapsed time spent in this place.
 B = Non-inter-level travel time spent in this place.
 C = Inter-level travel time spent in this place.
 D = Time resting spent in this place.
 E = Time spent auto-exploring this place.
 F = Levels seen in this place.
 G = Mean time per level.
                   A        B        C        D        E       F      G
               +--------+--------+--------+--------+--------+-----+--------+
         Total |   1912 |   1836 |     76 |    453 |   1175 |   2 |  956.0 |
       Dungeon |   1912 |   1836 |     76 |    453 |   1175 |   2 |  956.0 |
               +--------+--------+--------+--------+--------+-----+--------+

Top non-repeatable levels by time:
     D:1: 1566 daAuts
     D:2: 345 daAuts
